 Dungeon Crawl Stone Soup version 0.31-a0-1499-ge0622b2318 (webtiles) character file.

Game seed: 3134050866154087509

380 IdlyInterested the Changeling (level 6, -2/43 (44) HPs)
             Began as a Demonspawn Shapeshifter on Dec 29, 2023.
             Slain by a gnoll bouda
             ... wielding a +0 club
              (9 damage)
             ... on level 4 of the Dungeon.
             The game lasted 00:07:41 (2794 turns).

IdlyInterested the Changeling (DsSh)                Turns: 2794, Time: 00:07:41

HP:   -2/43 (44)    AC: 12    Str: 14    XL:     6   Next: 46%
MP:   6/6           EV:  9    Int: 11    God:
Gold: 167           SH:  4    Dex: 14    Spells: 5/5 levels left

rFire   . .          .
                       - Unarmed
rCold   . . .        (no shield)
rNeg    . . .        F - +0 chain mail
rPois   .            (helmet currently unavailable)
rElec   .            (cloak currently unavailable)
rCorr   .            (gloves currently unavailable)
SInv    .            (boots currently unavailable)
Will    +....        (no amulet) Stlth
                     p - ring of flight
HPRegen 0.27/turn    o - ring of willpower
MPRegen 0.10/turn

%: no passive effects
@: beast-form, weakened, flying, lightly drained
A: beast (slay +2), repulsion field 1, icemail 1, condensation shield
a: Begin Untransformation


You were on level 4 of the Dungeon.
You were a hulking beast.
You visited 1 branch of the dungeon, and saw 4 of its levels.

You collected 167 gold pieces.

Inventory:

Hand Weapons
 h - a +0 mace
 l - a +0 short sword
 y - a +0 war axe
 B - a +0 scythe
 C - a +1 dagger of draining
Missiles
 m - 47 stones (quivered)
 A - 5 poisoned darts
Armour
 a - a +0 helmet
 i - a +0 pair of gloves
 F - a +0 chain mail (worn)
Jewellery
 o - a ring of willpower (right hand)
 p - a ring of flight (left hand)
 z - a ring of protection from fire
 D - a ring of resist corrosion
Talismans
 c - a beast talisman
 d - a flux talisman
Scrolls
 f - 3 scrolls of teleportation
 j - a scroll of fear {unknown}
 k - a scroll of immolation {unknown}
 n - 2 scrolls of enchant weapon
 q - a scroll of amnesia {unknown}
 r - a scroll of torment {unknown}
 s - 2 scrolls of identify {unknown}
 t - 2 scrolls of vulnerability {unknown}
 x - a scroll of silence {unknown}
 E - a scroll of revelation {unknown}
Potions
 b - 2 potions of lignification
 e - 2 potions of cancellation
 g - a potion of curing {unknown}
 u - a potion of heal wounds
 v - a potion of haste


   Skills:
 - Level 2.0 Fighting
 - Level 2.0 Throwing
 + Level 1.7 Armour
 - Level 1.7 Dodging
 - Level 1.0 Stealth
 - Level 2.6 Unarmed Combat
 * Level 5.2 Shapeshifting


You had 5 spell levels left.
You didn't know any spells.
Your spell library contained the following spells:

 Spells                   Type           Power      Damage    Failure   Level
 Kiss of Death            Conj/Necr      0%         2d5       99%         1
 Confusing Touch          Hex            0%         N/A       100%        3
 Dispel Undead            Necr           0%         3d6       100%        4


Dungeon Overview and Level Annotations

Branches:
Dungeon (4/15)
 Temple: D:4-7

Altars:
Qazlal
Sif Muna
Trog


Innate Abilities, Weirdness & Mutations

You are a hulking beast.
Your limbs bulge with bestial killing power. (Slay +2)
You are surrounded by a mild repulsion field. (EV +2)
A meltable icy envelope protects you from harm. (AC +4)
A meltable shield of frost defends you. (SH +4)


Message History

Found a scroll labelled XERHUTR PYPSYX.
The gnoll bouda gazes fiercely through you!
You feel your attacks grow feeble. You block the gnoll bouda's attack.
A gnoll comes into view. It is wielding a +0 spear.
The gnoll hits you with a +0 halberd!
You hit the gnoll.
The gnoll is moderately wounded.
The gnoll bouda gazes fiercely through you!
You feel as though you will be weak longer.
You block the gnoll bouda's attack. The gnoll closely misses you.
The gnoll barely misses you.
You closely miss the gnoll.
The gnoll is moderately wounded.
The gnoll bouda barks out a call to the hunt!
The gnoll picks up the pace!
You block the gnoll's attack. The gnoll barely misses you.
You barely miss the gnoll.
The gnoll is moderately wounded.
The gnoll hits you from afar with a +0 spear.
The gnoll bouda gazes fiercely through you!
You feel as though you will be weak longer.
The gnoll bouda hits you with a +0 club.
The gnoll hits you but does no damage.
You hit the gnoll.
The gnoll is almost dead.
The gnoll hits you from afar with a +0 spear.
The gnoll bouda hits you with a +0 club.
The gnoll barely misses you.
You hit the gnoll but do no damage.
The gnoll is almost dead.
The gnoll bouda hits you with a +0 club.
* * * LOW HITPOINT WARNING * * *
The gnoll hits you but does no damage. The gnoll hits you with a +0 halberd.
* * * LOW HITPOINT WARNING * * *
Unknown command.
You hit the gnoll but do no damage.
The gnoll is almost dead.
The gnoll bouda hits you with a +0 club!
You die...

.....# #..#
###..########..##
#.........>...#
##.########..<#
#.# #...######
#.# #..........
#.# #.#.#######
#.#
#####.#g#######.
#.#
#....(..hgB.....
#.#
#.###.####g###.?
#.# .# ..# # ####
...#


You could see a gnoll bouda, 2 gnolls and a giant cockroach.

Vanquished Creatures
  Sigmund (D:3)
  A hound (D:4)
  2 iguanas
  A sleepcap (D:4)
  Jessica (D:2)
  An orc wizard (D:4)
  6 dart slugs
  An orc (D:4)
  5 endoplasms
  3 giant cockroaches
  8 goblins
  5 hobgoblins
  5 jackals (D:3)
  3 quokkas
  4 ball pythons
  4 bats
  4 frilled lizards
  4 kobolds
59 creatures vanquished.

Notes
Turn   | Place    | Note
-------+----------+-------------------------------------------
     0 | D:1      | IdlyInterested the Demonspawn Shapeshifter began the quest
                  | for the Orb.
     0 | D:1      | Reached XP level 1. HP: 15/15 MP: 1/1
   168 | D:1      | Reached skill level 1 in Armour
   268 | D:1      | Gained mutation: You are surrounded by a mild repulsion
                  | field. (EV +2) [demonic ancestry]
   268 | D:1      | Reached XP level 2. HP: 21/21 MP: 2/2
   455 | D:1      | Reached skill level 1 in Stealth
   573 | D:1      | Reached skill level 3 in Shapeshifting
   942 | D:2      | Reached skill level 1 in Throwing
   942 | D:2      | Gained mutation: A meltable shield of frost defends you.
                  | (SH +4) [demonic ancestry]
   942 | D:2      | Reached XP level 3. HP: 25/26 MP: 3/3
   969 | D:2      | Noticed Jessica
   982 | D:2      | Killed Jessica
  1030 | D:2      | Found a faded altar of an unknown god.
  1121 | D:2      | Reached XP level 4. HP: 32/32 MP: 4/4
  1659 | D:3      | Found a stormy altar of Qazlal.
  1715 | D:3      | Noticed Sigmund
  1727 | D:3      | Killed Sigmund
  1728 | D:3      | Reached skill level 4 in Shapeshifting
  1728 | D:3      | Reached XP level 5. HP: 25/38 MP: 5/5
  2174 | D:4      | Gained mutation: A meltable icy envelope protects you from
                  | harm. (AC +4) [demonic ancestry]
  2174 | D:4      | Reached XP level 6. HP: 18/39 MP: 6/6
  2260 | D:4      | Found a shimmering blue altar of Sif Muna.
  2353 | D:4      | Reached skill level 5 in Shapeshifting
  2538 | D:4      | Found a bloodstained altar of Trog.
  2794 | D:4      | Slain by a gnoll bouda

Illustrated notes

Levels and vault maps discovered:
D:1:      tarquinn_simple_flora_water_e, layout_loops_ring,
          minmay_misc_feat_enclosed
D:2:      layout_rooms, chequers_ecumenical_altar_island, uniq_jessica
D:3:      layout_loops_ring, grunt_qazlal_sundering, minmay_fountain_box,
          uniq_sigmund
D:4:      layout_loops_ring, bloody_trog, tgw_sif, minmay_between

Skill      XL: |  1  2  3  4  5  6 |
---------------+-------------------+-----
Armour         | 1 |  1.7
Stealth        | 1 |  1.0
Shapeshifting  | 3 4 5 |  5.2
Throwing       | 1 2 |  2.0
Fighting       | 2 |  2.0
Dodging        | |  1.7
Unarmed Combat | |  2.6

Action                     |  1- 3 |  4- 6 || total
---------------------------+-------+-------++-------
  Melee: Unarmed           |    84 |   147 ||   231
         Punch             |     3 |     3 ||     6
         Halberd           |       |     1 ||     1
    Use: Potion            |     2 |     1 ||     3
         Scroll            |       |     2 ||     2
   Stab: Sleeping          |     1 |       ||     1
 Armour: Animal skin       |    11 |       ||    11
         Leather armour    |    26 |     7 ||    33
         Ring mail         |       |    71 ||    71
         Chain mail        |       |    16 ||    16
  Dodge: Dodged            |    36 |    82 ||   118
  Block: Other             |     3 |    19 ||    22

Table legend: (Time is in decaauts)
 A = Elapsed time spent in this place.
 B = Non-inter-level travel time spent in this place.
 C = Inter-level travel time spent in this place.
 D = Time resting spent in this place.
 E = Time spent auto-exploring this place.
 F = Levels seen in this place.
 G = Mean time per level.
                   A        B        C        D        E       F      G
               +--------+--------+--------+--------+--------+-----+--------+
         Total |   2765 |   2631 |    134 |    434 |   1505 |   4 |  691.2 |
       Dungeon |   2765 |   2631 |    134 |    434 |   1505 |   4 |  691.2 |
               +--------+--------+--------+--------+--------+-----+--------+

Top non-repeatable levels by time:
     D:1: 939 daAuts
     D:3: 764 daAuts
     D:4: 633 daAuts
     D:2: 427 daAuts
